 Dungeon Crawl Stone Soup version 0.29.0-4-gdea44cf6ec (webtiles) character file.

Game seed: 17026593079174204574

81 qw the Caller (level 4, 0/36 HPs)
             Began as a Ghoul Summoner on Sept 10, 2022.
             Slain by a gnoll
             ... wielding a +1 vorpal spear
              (1 damage)
             ... on level 2 of the Dungeon.
             The game lasted 00:00:51 (2217 turns).

qw the Caller (Ghoul Summoner)                      Turns: 2217, Time: 00:00:51

Health: 0/36       AC: 10    Str: 13    XL:     4   Next: 40%
Magic:  5/5        EV:  3    Int: 10    God:
Gold:   56         SH:  0    Dex:  9    Spells: 5/6 levels left

rFire   . . .      SeeInvis .   g - +0 war axe
rCold   + . .      Faith    .   (no shield)
rNeg    + + +      Spirit   .   h - +0 plate armour
rPois   inf        Reflect  .   (no helmet)
rElec   .          Harm     .   (no cloak)
rCorr   .          Rampage  .   (no gloves)
Will    .....                   (no boots)
Stlth   ..........              (no amulet)
HPRegen 0.00/turn               (no ring)
MPRegen 0.09/turn               (no ring)

@: inhibited regen
A: claws 1, cold resistance 1, negative energy resistance 3, inhibited
regeneration, torment resistance 2, devour on kill
a: no special abilities


You were on level 2 of the Dungeon.
You visited 1 branch of the dungeon, and saw 2 of its levels.

You collected 56 gold pieces.


Innate Abilities, Weirdness & Mutations

You are immune to poison.
You have sharp fingernails.
Your flesh is cold resistant. (rC+)
You are immune to negative energy. (rN+++)
You do not regenerate when monsters are visible.
You are immune to unholy pain and torment.
You thrive by killing the living.


   Skills:
 - Level 2.0 Fighting
 + Level 2.2 Axes
 - Level 1.6 Armour
 - Level 1.7 Dodging
 - Level 2.1 Stealth
 - Level 1.7 Spellcasting
 - Level 3.6 Summonings


You had 5 spell levels left.
You knew the following spells:

 Your Spells              Type           Power      Damage    Failure   Level
a - Summon Small Mammal   Summ           32%        N/A       100%        1

Your spell library contained the following spells:

 Spells                   Type           Power      Damage    Failure   Level
 Call Imp                 Summ           8%         N/A       100%        2
 Call Canine Familiar     Summ           8%         N/A       100%        3
 Summon Guardian Golem    Hex/Summ       4%         N/A       100%        3
 Summon Lightning Spire   Summ/Air       4%         N/A       100%        4

Inventory:

Hand Weapons
 g - a +0 war axe (weapon)
 i - a +0 club
Armour
 h - a +0 plate armour (worn)
Scrolls
 b - a scroll of poison {unknown}
 e - a scroll of identify
Potions
 a - a potion of invisibility {unknown}
 c - a potion of might
 d - a potion of berserk rage {unknown}
 f - a potion of curing

Dungeon Overview and Level Annotations

Branches:
Dungeon (2/15)

Altars:


Message History

Found a stone staircase leading down.
A gnoll comes into view. It is wielding a +0 whip.
The gnoll shouts!
A gnoll comes into view. It is wielding a +1 vorpal spear.
A gnoll comes into view. It is wielding a +0 club.
A gnoll comes into view. It is wielding a +0 spear.
The gnoll shouts! x2; You hear a shout!
The gnoll moves out of view.
Found 9 gold pieces.
The gnoll hits you but does no damage. x2
You hit the gnoll.
The gnoll is moderately wounded.
The gnoll hits you but does no damage.
The gnoll hits you from afar with a +0 spear.
You hit the gnoll.
The gnoll is heavily wounded.
The gnoll hits you but does no damage. x2
The gnoll hits you from afar with a +1 vorpal spear!
The gnoll hits you from afar with a +1 vorpal spear.
The gnoll hits you with a +0 whip.
You hit the gnoll.
The gnoll is severely wounded.
The gnoll completely misses you.
The gnoll hits you from afar with a +1 vorpal spear.
A giant cockroach comes into view.
You slash the gnoll!
You kill the gnoll!
The gnoll hits you from afar with a +1 vorpal spear.
You barely miss the gnoll.
The gnoll hits you but does no damage. x3
The gnoll hits you from afar with a +1 vorpal spear.
The gnoll barely misses you.
You hit the gnoll.
The gnoll is moderately wounded.
The gnoll hits you but does no damage. x2
The gnoll hits you from afar with a +1 vorpal spear.
You hit the gnoll.
The gnoll is severely wounded.
The gnoll hits you from afar with a +1 vorpal spear.
You die...

#.$.........
#..........
.........
....... ....B
#gg.# ###.g.#
#..)@.#
#...#...# ###.
#...####
....###......###
................
#.###...####...#
#.# ##..######..
#..# #..#.......
#..##....#


You could see 3 gnolls and a giant cockroach.

Vanquished Creatures
  Jessica (D:2)
  A gnoll (D:2)
  2 dart slugs (D:1)
  A ball python (D:1)
  4 endoplasms
  3 giant cockroaches
  2 goblins
  A hobgoblin (D:1)
  5 jackals
  A bat (D:1)
  4 frilled lizards
  2 kobolds (D:1)
  2 rats (D:1)
29 creatures vanquished.

Vanquished Creatures (collateral kills)
  2 ball pythons (D:1)
  A hobgoblin (D:1)
  A kobold (D:1)
  3 bats (D:1)
  A frilled lizard (D:1)
  3 rats (D:1)
11 creatures vanquished.

Grand Total: 40 creatures vanquished

Notes
Turn   | Place    | Note
-------+----------+-------------------------------------------
     0 | D:1      | qw the Ghoul Summoner began the quest for the Orb.
     0 | D:1      | Reached XP level 1. HP: 14/14 MP: 2/2
     0 | D:1      | 0 ||| qw: Version: 0.1-a-116-g5d60599
     0 | D:1      | 0 ||| qw: Game counter: 7603
     0 | D:1      | 0 ||| qw: Always use a shield: true
     0 | D:1      | 0 ||| qw: God list: Okawaru
     0 | D:1      | 0 ||| qw: Allow faded altars: false
     0 | D:1      | 0 ||| qw: Do Orc after D:15 true
     0 | D:1      | 0 ||| qw: Do second Lair branch before Depths: true
     0 | D:1      | 0 ||| qw: Lair rune preference: random
     0 | D:1      | 0 ||| qw: Plans: Normal
     0 | D:1      | 0 ||| PLANNING D:1-11
    38 | D:1      | 38 ||| CASTING Summon Small Mammal
    40 | D:1      | 40 ||| CASTING Summon Small Mammal
    80 | D:1      | 80 ||| CASTING Summon Small Mammal
    81 | D:1      | 81 ||| CASTING Summon Small Mammal
   138 | D:1      | 138 ||| CASTING Summon Small Mammal
   139 | D:1      | 139 ||| CASTING Summon Small Mammal
   151 | D:1      | 151 ||| CASTING Summon Small Mammal
   155 | D:1      | Reached skill level 1 in Axes
   164 | D:1      | 164 ||| CASTING Summon Small Mammal
   167 | D:1      | Reached XP level 2. HP: 19/22 MP: 0/3
   209 | D:1      | 209 ||| CASTING Summon Small Mammal
   211 | D:1      | 211 ||| Stepping ~*~*~tactically~*~*~ (stealth).
   212 | D:1      | 212 ||| CASTING Summon Small Mammal
   213 | D:1      | 213 ||| CASTING Summon Small Mammal
   219 | D:1      | Reached skill level 1 in Fighting
   305 | D:1      | 305 ||| CASTING Summon Small Mammal
   306 | D:1      | 306 ||| CASTING Summon Small Mammal
   307 | D:1      | 307 ||| CASTING Summon Small Mammal
   318 | D:1      | 318 ||| CASTING Summon Small Mammal
   360 | D:1      | 360 ||| CASTING Summon Small Mammal
   361 | D:1      | 361 ||| CASTING Summon Small Mammal
   362 | D:1      | 362 ||| CASTING Summon Small Mammal
   429 | D:1      | 429 ||| Wielding weapon +0 spear.
   442 | D:1      | 442 ||| CASTING Summon Small Mammal
   443 | D:1      | 443 ||| CASTING Summon Small Mammal
   444 | D:1      | 444 ||| CASTING Summon Small Mammal
   451 | D:1      | 451 ||| Stepping ~*~*~tactically~*~*~ (stealth).
   454 | D:1      | 454 ||| CASTING Summon Small Mammal
   466 | D:1      | 466 ||| CASTING Summon Small Mammal
   561 | D:1      | 561 ||| CASTING Summon Small Mammal
   562 | D:1      | 562 ||| CASTING Summon Small Mammal
   563 | D:1      | 563 ||| CASTING Summon Small Mammal
   574 | D:1      | 574 ||| CASTING Summon Small Mammal
   620 | D:1      | 620 ||| CASTING Summon Small Mammal
   621 | D:1      | 621 ||| CASTING Summon Small Mammal
   622 | D:1      | 622 ||| CASTING Summon Small Mammal
   672 | D:1      | 672 ||| Stepping ~*~*~tactically~*~*~ (hiding).
   774 | D:1      | 774 ||| Stepping ~*~*~tactically~*~*~ (hiding).
   780 | D:1      | 780 ||| CASTING Summon Small Mammal
   781 | D:1      | 781 ||| CASTING Summon Small Mammal
   782 | D:1      | 782 ||| CASTING Summon Small Mammal
   830 | D:1      | 830 ||| CASTING Summon Small Mammal
   831 | D:1      | 831 ||| CASTING Summon Small Mammal
   832 | D:1      | 832 ||| CASTING Summon Small Mammal
   880 | D:1      | 880 ||| CASTING Summon Small Mammal
   881 | D:1      | 881 ||| CASTING Summon Small Mammal
   882 | D:1      | 882 ||| CASTING Summon Small Mammal
   936 | D:1      | 936 ||| CASTING Summon Small Mammal
   937 | D:1      | 937 ||| CASTING Summon Small Mammal
   938 | D:1      | 938 ||| CASTING Summon Small Mammal
   946 | D:1      | Reached XP level 3. HP: 28/28 MP: 0/4
   995 | D:1      | 995 ||| CASTING Summon Small Mammal
   996 | D:1      | 996 ||| CASTING Summon Small Mammal
   997 | D:1      | 997 ||| CASTING Summon Small Mammal
   998 | D:1      | 998 ||| CASTING Summon Small Mammal
  1093 | D:1      | 1093 ||| CASTING Summon Small Mammal
  1094 | D:1      | 1094 ||| CASTING Summon Small Mammal
  1095 | D:1      | 1095 ||| CASTING Summon Small Mammal
  1096 | D:1      | 1096 ||| CASTING Summon Small Mammal
  1104 | D:1      | 1104 ||| CASTING Summon Small Mammal
  1162 | D:1      | 1162 ||| CASTING Summon Small Mammal
  1163 | D:1      | 1163 ||| CASTING Summon Small Mammal
  1164 | D:1      | 1164 ||| CASTING Summon Small Mammal
  1165 | D:1      | 1165 ||| CASTING Summon Small Mammal
  1172 | D:1      | 1172 ||| CASTING Summon Small Mammal
  1387 | D:1      | 1387 ||| CASTING Summon Small Mammal
  1388 | D:1      | 1388 ||| CASTING Summon Small Mammal
  1389 | D:1      | 1389 ||| CASTING Summon Small Mammal
  1390 | D:1      | 1390 ||| CASTING Summon Small Mammal
  1611 | D:1      | 1611 ||| CASTING Summon Small Mammal
  1612 | D:1      | 1612 ||| CASTING Summon Small Mammal
  1613 | D:1      | 1613 ||| CASTING Summon Small Mammal
  1614 | D:1      | 1614 ||| CASTING Summon Small Mammal
  1622 | D:1      | 1622 ||| CASTING Summon Small Mammal
  1838 | D:1      | 1838 ||| CASTING Summon Small Mammal
  1839 | D:1      | 1839 ||| CASTING Summon Small Mammal
  1840 | D:1      | 1840 ||| CASTING Summon Small Mammal
  1841 | D:1      | 1841 ||| CASTING Summon Small Mammal
  1883 | D:1      | 1883 ||| UPGRADING to +0 plate armour.
  1893 | D:1      | 1893 ||| DROPPING +0 robe.
  1894 | D:1      | 1894 ||| READING 5 scrolls labelled DOFIMN LAID.
  1895 | D:1      | 1895 ||| READING scroll labelled WUTORR IBER.
  1896 | D:1      | 1896 ||| READING scroll labelled DYAPUQOPNA.
  1897 | D:1      | 1897 ||| READING 4 scrolls of identify.
  1897 | D:1      | 1897 ||| IDENTIFYING green potion
  1898 | D:1      | 1898 ||| READING 3 scrolls of identify.
  1898 | D:1      | 1898 ||| IDENTIFYING golden potion
  1899 | D:1      | 1899 ||| READING 2 scrolls of identify.
  1899 | D:1      | 1899 ||| IDENTIFYING inky potion
  1900 | D:1      | 1900 ||| DROPPING potion of magic.
  1901 | D:1      | 1901 ||| DROPPING potion of degeneration.
  1945 | D:2      | Noticed Jessica
  1946 | D:2      | 1946 ||| Stepping ~*~*~tactically~*~*~ (hiding).
  1963 | D:2      | Killed Jessica
  1964 | D:2      | Reached skill level 1 in Armour
  1964 | D:2      | Reached XP level 4. HP: 20/36 MP: 5/5
  2105 | D:2      | 2105 ||| Stepping ~*~*~tactically~*~*~ (stealth).
  2195 | D:2      | 2195 ||| SWAPPING to +0 war axe.
  2196 | D:2      | 2196 ||| DROPPING +0 spear.
  2215 | D:2      | HP: 8/36 [gnoll/+1 vorpal spear (4)]
  2217 | D:2      | HP: 1/36 [gnoll/+1 vorpal spear (3)]
  2217 | D:2      | Slain by a gnoll

Levels and vault maps discovered:
D:1:      minmay_arrival_loop, layout_basic, st_stairs_12
D:2:      layout_rooms, uniq_jessica

Skill      XL: |  1  2  3  4 |
---------------+-------------+-----
Axes           | 1 2 |  2.2
Fighting       | 1 2 |  2.0
Armour         | 1 |  1.6
Dodging        | |  1.7
Stealth        | |  2.1
Spellcasting   | |  1.7
Summonings     | |  3.6

Action                   |  1- 3 |  4- 6 || total
-------------------------+-------+-------++-------
Melee: Unarmed           |    19 |       ||    19
       Spear             |    91 |    27 ||   118
       War axe           |       |     7 ||     7
       Punch             |       |     1 ||     1
 Cast: Summon Small Mamm |    61 |       ||    61
  Use: Scroll            |     6 |       ||     6
 Stab: Distracted        |     2 |       ||     2
Armor: Robe              |    11 |       ||    11
       Plate armour      |    16 |    34 ||    50
Dodge: Dodged            |    48 |     6 ||    54

Table legend:
 A = Non-vault XP
 B = Vault XP
 C = Vault XP percentage of total XP
 D = Non-vault monster count
 E = Vault monster count
 F = Vault count percentage of total count
                 A         B        C        D         E       F
            +---------+---------+-------+---------+---------+-------
      Total |      78 |      38 |  32.8 |      38 |       2 |   5.0
            +---------+---------+-------+---------+---------+-------
        D:1 |      50 |       1 |   2.0 |      29 |       1 |   3.3
        D:2 |      28 |      37 |  56.9 |       9 |       1 |  10.0
            +---------+---------+-------+---------+---------+-------
